 Dungeon Crawl Stone Soup version 0.26-a0-757-g626ac9e51a (webtiles) character file.

Game seed: 7171180329991800757

106 ahrsahrtis the Shield-Bearer (level 4, 0/40 HPs)
             Began as a Hill Orc Fighter on Nov 8, 2020.
             Slain by an orc priest
             ... wielding a +0 war axe
              (5 damage)
             ... on level 2 of the Dungeon.
             The game lasted 00:03:17 (1656 turns).

ahrsahrtis the Shield-Bearer (Hill Orc Fighter)     Turns: 1656, Time: 00:03:17

Health: 0/40       AC:  8    Str: 19    XL:     4   Next: 84%
Magic:  4/4        EV:  7    Int:  8    God:
Gold:   84         SH:  9    Dex: 10    Spells: 3/3 levels left

rFire    + . .     SeeInvis .   a - +0 war axe
rCold    . . .     Faith    .   c - +0 kite shield
rNeg     . . .     Spirit   .   k - +1 scale mail {rF+}
rPois    .         Reflect  .   (no helmet)
rElec    .         Harm     .   (no cloak)
rCorr    .         Rampage  .   (no gloves)
MR       .....                  (no boots)
Stlth    ..........             (no amulet)
HPRegen  0.13/turn              (no ring)
MPRegen  0.09/turn              (no ring)

@: no status effects
A: no striking features
a: Convert to Beogh


You were on level 2 of the Dungeon.
You visited 1 branch of the dungeon, and saw 3 of its levels.

You collected 84 gold pieces.

Inventory:

Hand Weapons
 a - a +0 war axe (weapon)
Armour
 b - a +0 scale mail
 c - a +0 kite shield (worn)
 k - a +1 scale mail of fire resistance (worn)
 q - a cursed +0 buckler
Scrolls
 e - 2 scrolls of teleportation {unknown}
 f - 2 scrolls of fear {unknown}
 i - a scroll of random uselessness {unknown}
 m - a scroll of identify {unknown}
 n - a scroll of amnesia {unknown}
 o - 2 scrolls of magic mapping {unknown}
 p - a scroll of fog {unknown}
Potions
 d - a potion of might
 g - a potion of lignification {unknown}
 h - 2 potions of berserk rage {unknown}
 j - 2 potions of degeneration {unknown}
 l - 4 potions of mutation {unknown}


   Skills:
 + Level 4.1 Fighting
 + Level 4.1 Axes
 + Level 3.8 Armour
 + Level 0.9 Dodging
 + Level 4.2 Shields


You had 3 spell levels left.
You didn't know any spells.
Your spell library was empty.

Dungeon Overview and Level Annotations

Branches:
Dungeon (3/15)

Altars:


Message History

There is a stone staircase leading down here.
You are too injured to fight recklessly!
You are too injured to fight recklessly!
You are too injured to fight recklessly!
You are too injured to fight recklessly!
You are too injured to fight recklessly!
You are too injured to fight recklessly!
You are too injured to fight recklessly!
You are too injured to fight recklessly!
You are too injured to fight recklessly!
You hit the orc priest.
The orc priest is moderately wounded.
The orc priest mumbles some strange prayers to Beogh against you.
Beogh smites you!
* * * LOW HITPOINT WARNING * * *
You block the orc priest's attack.
You closely miss the orc priest.
The orc priest is moderately wounded.
The orc priest hits you with a +0 war axe.
You die...

##.# #... ##.############ #...
##............# #.##
#############.# #.# # #.# #.# #
#.# ###### #.## # #.# #....# #...
# #.#########.##.# #..# #
#..)@[......##.###..# #
#.#o#<########......# # #...#.#
#####.## # #.###.# #.# #
#####.....#### #)#
#########...........รท#########(#
..........##########...........#
########### #############


You could see an orc priest.

Vanquished Creatures
  Terence (D:2)
  3 adders (D:2)
  2 worms (D:2)
  2 dart slugs
  A leopard gecko (D:1)
  4 orcs
  3 giant cockroaches
  3 goblins (D:2)
  5 hobgoblins
  2 jackals (D:1)
  A quokka (D:2)
  2 ball pythons
  2 bats
  3 frilled lizards
  4 kobolds
  A rat (D:1)
39 creatures vanquished.

Notes
Turn   | Place    | Note
-------+----------+-------------------------------------------
     0 | D:1      | ahrsahrtis the Hill Orc Fighter began the quest for the
                  | Orb.
     0 | D:1      | Reached XP level 1. HP: 19/19 MP: 1/1
   147 | D:1      | Reached XP level 2. HP: 25/27 MP: 2/2
   589 | D:2      | Noticed Terence
   597 | D:2      | Killed Terence
   597 | D:2      | Reached XP level 3. HP: 20/33 MP: 3/3
   762 | D:2      | Reached XP level 4. HP: 34/40 MP: 4/4
  1656 | D:2      | Slain by an orc priest

Illustrated notes

Levels and vault maps discovered:
D:1:      dpeg_arrival_arbitrary_c, layout_loops_ring, minmay_misc_feat_columns
D:2:      layout_loops_ring, uniq_terence
D:3:      kennysheep_slugbush, layout_basic, nicolae_overflow_crystal_walls

Skill      XL: |  1  2  3  4 |
---------------+-------------+-----
Axes           | 3 4 |  4.1
Fighting       | 4 |  4.1
Shields        | 4 |  4.2
Armour         | |  3.8
Dodging        | |  0.9

Action                   |  1- 3 |  4- 6 || total
-------------------------+-------+-------++-------
Melee: War axe           |    65 |    75 ||   140
Armor: Scale mail        |    25 |    34 ||    59
Dodge: Dodged            |    27 |    17 ||    44
Block: Kite shield       |    29 |    33 ||    62

Table legend: (Time is in decaauts)
 A = Elapsed time spent in this place.
 B = Non-inter-level travel time spent in this place.
 C = Inter-level travel time spent in this place.
 D = Time resting spent in this place.
 E = Time spent auto-exploring this place.
 F = Levels seen in this place.
 G = Mean time per level.
                   A        B        C        D        E       F      G
               +--------+--------+--------+--------+--------+-----+--------+
         Total |   1713 |   1679 |     34 |      0 |   1330 |   3 |  571.0 |
       Dungeon |   1713 |   1679 |     34 |      0 |   1330 |   3 |  571.0 |
               +--------+--------+--------+--------+--------+-----+--------+

Top non-repeatable levels by time:
     D:2: 1099 daAuts
     D:1: 596 daAuts
     D:3: 16 daAuts
